 Dungeon Crawl Stone Soup version 0.31-a0-1104-g3bd3108 (webtiles) character file.

Game seed: 14096804903836602147

135 Loclan the Chopper (level 5, -4/45 HPs)
             Began as a Hill Orc Reaver on Dec 2, 2023.
             Slain by Crazy Yiuf
             ... wielding a +3 quarterstaff of chaos
              (7 damage)
             ... on level 2 of the Dungeon.
             The game lasted 00:06:21 (1863 turns).

Loclan the Chopper (Hill Orc Reaver)                Turns: 1863, Time: 00:06:22

Health: -4/45      AC:  5    Str: 15    XL:     5   Next: 18%
Magic:  0/7        EV: 10    Int: 15    God:
Gold:   167        SH:  0    Dex:  9    Spells: 4/7 levels left

rFire   . . .        l - +1 whip (venom)
rCold   . . .        (no shield)
rNeg    . . .        f - +0 ring mail
rPois   .            (no helmet)
rElec   .            (no cloak)
rCorr   .            (no gloves)
SInv    .            (no boots)
Will    .....        (no amulet)
Stlth   +            (no ring)
HPRegen 0.27/turn    (no ring)
MPRegen 0.10/turn

%: no passive effects
@: lethally poisoned (-4 -> -9)
A: no striking features
a: no special abilities


You were on level 2 of the Dungeon.
You visited 1 branch of the dungeon, and saw 2 of its levels.

You collected 167 gold pieces.

Inventory:

Hand Weapons
 a - a +0 hand axe
 l - a +1 whip of venom (weapon)
Missiles
 g - 9 poisoned darts (quivered)
Armour
 b - a +0 leather armour
 f - a +0 ring mail (worn)
Jewellery
 k - a +4 ring of protection
Scrolls
 d - a scroll of enchant armour {unknown}
 e - a scroll of fog {unknown}
 j - a scroll of immolation {unknown}
 m - a scroll of identify {unknown}
 n - a scroll of enchant weapon {unknown}
 o - a scroll of blinking {unknown}
Potions
 c - a potion of ambrosia {unknown}
 h - a potion of cancellation {unknown}
 i - a potion of magic {unknown}
 p - a potion of heal wounds {unknown}


   Skills:
 + Level 3.0 Fighting
 * Level 5.2 Axes
 + Level 0.4 Throwing
 + Level 1.2 Armour
 + Level 2.1 Dodging
 + Level 1.0 Stealth
 + Level 1.9 Spellcasting
 + Level 3.4 Conjurations


You had 4 spell levels left.
You knew the following spells:

 Your Spells              Type           Power      Damage    Failure   Level
a - Kiss of Death         Conj/Necr      24%        2d7       22%         1
b - Momentum Strike       Conj/Tloc      12%        3d8       32%         2

Your spell library contained the following spells:

 Spells                   Type           Power      Damage    Failure   Level
 Hailstorm                Conj/Ice       6%         3d4       54%         3
 Confusing Touch          Hex            1%         N/A       78%         3
 Dispel Undead            Necr           1%         3d6       99%         4


Dungeon Overview and Level Annotations

Branches:
Dungeon (2/15)

Altars:

Annotations:
D:2 Crazy Yiuf


Message History

You kill the rat!
No target in view!
Found 7 stones.
You now have 167 gold pieces (gained 12).
You see here a ball python corpse.
There is an open door here.
You see here a +0 long sword.
You see here a +0 dagger.
You see here a +0 dagger.
Search for what [? for help]? shoe Can't find anything matching that.
Search for what [Enter for "shoe", or ? for help]? armor Search for what [Enter for "armor", or ? for help]? arti Can't find anything matching that.
As you open the door, it creaks loudly!
Crazy Yiuf laughs, "Goober!"
You hit Crazy Yiuf but do no damage.
Crazy Yiuf is poisoned.
Crazy Yiuf hits you with a +3 quarterstaff of chaos!
You feel your power leaking away.
You hit Crazy Yiuf.
Crazy Yiuf looks even sicker.
Crazy Yiuf is moderately wounded.
Crazy Yiuf hits you with a +3 quarterstaff of chaos!
You are confused.
You bump into the tree.
Crazy Yiuf hits you but does no damage.
You are poisoned.
You bump into the stone wall.
You feel sick. Crazy Yiuf closely misses you.
You feel sick. Crazy Yiuf attacks as he pursues you!
Crazy Yiuf hits you but does no damage.
You are more poisoned.
You bump into the tree.
You feel sick.
Crazy Yiuf hits you with a +3 quarterstaff of chaos!
* * * LOW HITPOINT WARNING * * *
Crazy Yiuf burns you.
* * * LOW HITPOINT WARNING * * *
You bump into the tree.
You feel less confused.
* * * LOW HITPOINT WARNING * * *
You feel sick.
Crazy Yiuf hits you with a +3 quarterstaff of chaos!
You die...

.#..##.'..#...#..#
###############..#
#............#
#............#
#..>.#########
#....# #....##♣♣♣♣♣
##...#...♣.♣♣♣ ###
#.........♣.@♣#...#
#......P.♣♣♣♣g'...#
#....#.P♣♣ ♣♣#..)#
#....##♣♣ ###
#....# ##...# ##..#
####


You could see Crazy Yiuf (very poisoned).

Vanquished Creatures
  A hound (D:2)
  3 adders (D:2)
  A gnoll (D:2)
  2 worms (D:2)
  2 dart slugs (D:2)
  3 endoplasms
  3 giant cockroaches
  7 goblins
  8 hobgoblins
  4 jackals (D:1)
  2 quokkas (D:2)
  10 ball pythons
  2 bats (D:2)
  5 kobolds
  4 rats
57 creatures vanquished.

Notes
Turn   | Place    | Note
-------+----------+-------------------------------------------
     0 | D:1      | Loclan the Hill Orc Reaver began the quest for the Orb.
     0 | D:1      | Reached XP level 1. HP: 18/18 MP: 3/3
    29 | D:1      | Found a faded altar of an unknown god.
   161 | D:1      | Reached XP level 2. HP: 24/25 MP: 4/4
   610 | D:1      | Reached XP level 3. HP: 29/30 MP: 5/5
   649 | D:1      | Learned a level 2 spell: Momentum Strike
  1022 | D:2      | Reached skill level 5 in Axes
  1022 | D:2      | Reached XP level 4. HP: 36/37 MP: 6/6
  1119 | D:2      | Reached skill level 1 in Armour
  1315 | D:2      | Found a runed translucent door.
  1316 | D:2      | Noticed Crazy Yiuf
  1536 | D:2      | Reached XP level 5. HP: 45/45 MP: 7/7
  1631 | D:2      | Reached skill level 1 in Stealth
  1863 | D:2      | Slain by Crazy Yiuf

Illustrated notes

Levels and vault maps discovered:
D:1:      spicycebolla_green_bress_n_ham_2, layout_loops_ring,
          nicolae_ecumenical_snake_handling, minmay_octomino_e4
D:2:      minmay_razor_zed, layout_rooms, grunt_decor_junction,
          serial_park_tiny_1, nicolae_houndstooth_variations,
          uniq_crazy_yiuf_cottage

Skill      XL: |  1  2  3  4  5 |
---------------+----------------+-----
Axes           | 5 |  5.2
Armour         | 1 |  1.2
Dodging        | 2 |  2.1
Fighting       | 3 |  3.0
Stealth        | 1 |  1.0
Throwing       | |  0.4
Spellcasting   | |  1.9
Conjurations   | |  3.4

Action                     |  1- 3 |  4- 6 || total
---------------------------+-------+-------++-------
  Melee: Hand axe          |   121 |       ||   121
         Punch             |     1 |     2 ||     3
         Whip              |    10 |    72 ||    82
  Throw: Dart              |     1 |       ||     1
 Armour: Ring mail         |    75 |    51 ||   126
  Dodge: Dodged            |    69 |    33 ||   102

Table legend: (Time is in decaauts)
 A = Elapsed time spent in this place.
 B = Non-inter-level travel time spent in this place.
 C = Inter-level travel time spent in this place.
 D = Time resting spent in this place.
 E = Time spent auto-exploring this place.
 F = Levels seen in this place.
 G = Mean time per level.
                   A        B        C        D        E       F      G
               +--------+--------+--------+--------+--------+-----+--------+
         Total |   1871 |   1836 |     35 |      0 |   1403 |   2 |  935.5 |
       Dungeon |   1871 |   1836 |     35 |      0 |   1403 |   2 |  935.5 |
               +--------+--------+--------+--------+--------+-----+--------+

Top non-repeatable levels by time:
     D:2: 1078 daAuts
     D:1: 793 daAuts
